AoeStats
← 山水先生

Black Forest

509663167Analyzed
4v4 RM · 3d ago on Sep 27, 2026· 23m 7s· 8 players
Game mode
Random Map
Map size
Large (8 player)
Population
200
Speed
Normal
Resources
Standard
Victory
Conquest
Starting age
Dark Age
Ending age
Imperial Age
RankedLock teamsTeams togetherTeam positionsShared explorationLock speedFull tech treeHidden civsTurbo modeCheats
Victory
Defeat
🇨🇳 Bulgarians · China
1253
+12
🇨🇭 Mongols · Switzerland
1215
+14
🇵🇱 Mapuche · Poland
1185
+15
🇨🇳 Spanish · China
1169
+16
🇨🇳 Bohemians · China
1315
-19
🇨🇳 Slavs · China
1227
-17
🇨🇳 Italians · China
1115
-12
🇭🇰 Byzantines · Hong Kong SAR China
1026
-9
老徐
0:59 Loom
11:51 Feudal Age
13:01 Double-Bit Axe
18:35 Castle Age
17:07 Horse Collar
19:51 Bow Saw
无语
3:50 Loom
11:08 Feudal Age
15:07 Castle Age
14:17 Horse Collar
17:42 Wheelbarrow
16:59 Double-Bit Axe
21:40 Heavy Plow
碰我村民就投
10:51 Feudal Age
15:02 Castle Age
13:31 Double-Bit Axe
13:54 Horse Collar
16:06 Loom
18:51 Bow Saw
19:29 Heavy Plow
HelloKuGou
0:35 Loom
11:07 Feudal Age
15:04 Castle Age
13:34 Double-Bit Axe
13:50 Horse Collar
Mr. Bolivar
7:52 Loom
8:55 Loom
11:57 Feudal Age
13:06 Double-Bit Axe
13:03 Horse Collar
13:16 Stone Mining
16:02 Castle Age
13:54 Gold Mining
17:04 Bow Saw
22:08 Wheelbarrow
21:41 Heavy Plow
23:17 Gold Shaft Mining
24:19 Stone Shaft Mining
钓你吗钓
10:49 Feudal Age
14:37 Castle Age
13:35 Stone Mining
14:24 Gold Mining
14:46 Horse Collar
17:11 Loom
山水先生
1:02 Loom
12:34 Feudal Age
16:14 Castle Age
14:49 Double-Bit Axe
14:45 Horse Collar
22:46 Wheelbarrow
I Raided Riley
9:25 Loom
11:47 Feudal Age
12:32 Horse Collar
12:39 Double-Bit Axe
15:33 Castle Age
15:06 Horse Collar
17:05 Heavy Plow
17:40 Bow Saw
22:50 Wheelbarrow
22:10 Gold Mining
Connection lost

Rejoining the realm…

Still unreachable

The connection could not be restored.

Session expired

The server has moved on; the page needs a fresh start.